 Dungeon Crawl Stone Soup version 0.23-a0-14-g8c9a20f (webtiles) character file.

7 Amnesiac the Digger (level 1, -2/13 HPs)
             Began as a Mummy Earth Elementalist on Aug 2, 2018.
             Slain by a kobold (4 damage)
             ... on level 1 of the Dungeon.
             The game lasted 00:00:37 (141 turns).

Amnesiac the Digger (Mummy Earth Elementalist)       Turns: 141, Time: 00:00:38

Health: -2/13      AC:  2    Str: 11    XL:     1   Next: 91%
Magic:  0/4        EV: 12    Int: 14    God:
Gold:   0          SH:  0    Dex: 12    Spells: 4/5 levels left

rFire    x . .     SeeInvis .   a - +0 whip
rCold    + . .     Gourm    .   (no shield)
rNeg     + + +     Faith    .   c - +0 robe
rPois    ∞         Spirit   .   (no helmet)
rElec    .         Reflect  .   (no cloak)
rCorr    .         Harm     .   (no gloves)
MR       .....                  (no boots)
Stlth    ++........             (no amulet)
HPRegen  0.04/turn              (no ring)
MPRegen  0.09/turn              (no ring)

@: no status effects
A: no food or potions, fire vulnerability, cold resistance 1, negative energy
resistance 3, torment resistance, unbreathing
a: no special abilities


You were on level 1 of the Dungeon.
You were not hungry.

You visited 1 branch of the dungeon, and saw 2 of its levels.

Inventory:

Hand Weapons
 a - a +0 whip (weapon)
Missiles
 b - 21 stones (quivered)
Armour
 c - a +0 robe (worn)


   Skills:
 - Level 1.5 Dodging
 - Level 1.5 Stealth
 + Level 2.8 Spellcasting
   Level 0.7 Transmutations
 * Level 2.8 Earth Magic


You had 4 spell levels left.
You knew the following spells:

 Your Spells              Type           Power        Failure   Level  Hunger
a - Sandblast             Erth           #.....       7%          1    N/A

Your spell library contained the following spells:

 Spells                   Type           Power        Failure   Level  Hunger
 Stone Arrow              Conj/Erth      #.....       36%         3    N/A
 Passwall                 Tmut/Erth      #.......     16%         2    N/A
 Lee's Rapid Deconstruct  Erth           #.........   88%         5    N/A
 Petrify                  Tmut/Erth      #.......     71%         4    N/A

Dungeon Overview and Level Annotations

Branches:
Dungeon (2/15)

Altars:


Innate Abilities, Weirdness & Mutations

You do not eat or drink.
Your flesh is vulnerable to fire.
You are immune to poison.
Your flesh is cold resistant. (rC+)
You are immune to negative energy. (rN+++)
You are immune to unholy pain and torment.
You can survive without breathing.


Message History

Confirm with . or Enter, or press ? or * to list all spells.
You don't have enough magic to cast that spell.
Casting: Sandblast (safe; 7% risk of failure)
Confirm with . or Enter, or press ? or * to list all spells.
You don't have enough magic to cast that spell.
The jackal barks!
You hit the giant cockroach.
You kill the giant cockroach!
You hear a bark!
A jackal comes into view.
An adder comes into view.
The adder hisses angrily.
The jackal bites you.
The adder moves out of view.
Casting: Sandblast (safe; 7% risk of failure)
Confirm with . or Enter, or press ? or * to list all spells.
Aiming: Sandblast (safe; 7% risk of failure)
Press: ? - help, Shift-Dir - straight line, f - jackal
Aim: a jackal The blast of sand hits the jackal.
The jackal is severely wounded.
b - 22 stones The jackal bites you. x2
You hit the jackal but do no damage.
The jackal is severely wounded.
The jackal closely misses you. The jackal closely misses you.
The jackal closely misses you.
There is a stone staircase leading up here.
The jackal closely misses you. The jackal barely misses you.
You climb upwards.
The kobold closely misses you.
There is a stone staircase leading down here.
You hit the jackal but do no damage.
The jackal is heavily wounded.
The kobold hits you. The jackal misses you. The kobold hits you.
* * * LOW HITPOINT WARNING * * *
Casting: Sandblast (safe; 7% risk of failure)
Confirm with . or Enter, or press ? or * to list all spells.
Aiming: Sandblast (safe; 7% risk of failure)
Press: ? - help, Shift-Dir - straight line, f - jackal
Aim: a jackal (heavily wounded)
The blast of sand misses the jackal.
b - 21 stones The jackal barely misses you.
The jackal bites you but does no damage.
The kobold barely misses you.
You closely miss the jackal.
The jackal is heavily wounded.
The jackal closely misses you. The kobold hits you.
* * * LOW HITPOINT WARNING * * *
You hit the jackal.
The jackal is severely wounded.
The jackal bites you but does no damage.
The jackal completely misses you. The kobold barely misses you.
Unknown command.
You completely miss the jackal.
The jackal is severely wounded.
The jackal barely misses you. The kobold hits you but does no damage.
The jackal bites you.
* * * LOW HITPOINT WARNING * * *
Unknown command.
You closely miss the jackal.
The jackal is severely wounded.
The jackal closely misses you. The kobold hits you.
You die...

... ..# #.# #.# #.#
#.# . . #h# .## ##.
#@# ..# ##.. #K# #.#
##..# #.# #.# ##...#
#.# #.# +#..#.###.#
#.#
+.........###.#####.#
...###.##.............
..##.#######.#####.#
#.##.............K..


You could see a jackal and a kobold.

Vanquished Creatures
  2 bats (D:1)
  A giant cockroach (D:2)
  2 jackals (D:2)
  A frilled lizard (D:2)
6 creatures vanquished.

Notes
Turn   | Place    | Note
-------+----------+-------------------------------------------
     0 | D:1      | Amnesiac the Mummy Earth Elementalist began the quest for the Orb.
     0 | D:1      | Reached XP level 1. HP: 13/13 MP: 4/4
   141 | D:1      | Slain by a kobold

Vault maps used:
D:1:      saegor_arrival_miasma, grunt_decor_arrowhead
D:2:      first_ration, grunt_ministairs_2, lemuel_statue_altar

Action                   || total
-------------------------++-------
Melee: Whip              ||     8
       Unarmed           ||     3
 Cast: Sandblast         ||     9
Armor: Robe              ||     6
Dodge: Dodged            ||    28

Table legend:
 A = Spawn XP
 B = Non-spawn XP
 C = Spawn XP percentage of total XP
 D = Spawn monster count
 E = Non-spawn monster count
 F = Spawn count percentage of total count
 G = Total turns spent on level
                    A         B        C        D         E        F      G
               +---------+---------+-------+---------+---------+-------+---------
         Total |       0 |      11 |   0.0 |       0 |       6 |   0.0 |   141
               +---------+---------+-------+---------+---------+-------+---------
           D:1 |       0 |       4 |   0.0 |       0 |       2 |   0.0 |    82
           D:2 |       0 |       7 |   0.0 |       0 |       4 |   0.0 |    59
               +---------+---------+-------+---------+---------+-------+---------
